 Dungeon Crawl Stone Soup version 0.31.0-32-g396128a36d (webtiles) character file.

Game seed: 2940813340919949167

86 PaiMei the Grave Robber (level 4, -3/32 HPs)
             Began as a Demonspawn Necromancer on Apr 18, 2024.
             Slain by Terence
             ... wielding a +0 trident
              (7 damage)
             ... on level 3 of the Dungeon.
             The game lasted 00:02:25 (2332 turns).

PaiMei the Grave Robber (Demonspawn Necromancer)    Turns: 2332, Time: 00:02:26

Health: -3/32      AC:  2    Str:  8    XL:     4   Next: 26%
Magic:  1/8        EV: 12    Int: 20    God:
Gold:   86         SH:  0    Dex: 13    Spells: 4/8 levels left

rFire   . . .        p - +1 short sword (venom)
rCold   . . .        (no shield)
rNeg    . . .        a - +0 robe
rPois   .            (helmet restricted)
rElec   .            (no cloak)
rCorr   .            (no gloves)
SInv    .            (no boots)
Will    .....        (no amulet)
Stlth   ++           (no ring)
HPRegen 0.25/turn    (no ring)
MPRegen 0.22/turn

%: no passive effects
@: no status effects
A: antennae 1, magic regeneration, big brain 1
a: no special abilities


You were on level 3 of the Dungeon.
You visited 1 branch of the dungeon, and saw 3 of its levels.

You collected 86 gold pieces.

Inventory:

Hand Weapons
 e - a +0 club
 f - a +0 short sword
 h - a +0 war axe
 p - a +1 short sword of venom (weapon)
Missiles
 c - 3 poisoned darts
 m - 3 datura-tipped darts (quivered)
Armour
 a - a +0 robe (worn)
Scrolls
 d - a scroll of acquirement {unknown}
 g - 2 scrolls of teleportation {unknown}
 i - a scroll of silence {unknown}
 j - a scroll of identify {unknown}
 k - a scroll of noise {unknown}
 n - a scroll of torment {unknown}
 o - a scroll of revelation {unknown}
Potions
 b - a potion of magic
 l - 2 potions of might {unknown}


   Skills:
 + Level 1.3 Fighting
 + Level 2.6 Dodging
 - Level 2.0 Stealth
 + Level 2.6 Spellcasting
 + Level 5.0 Necromancy


You had 4 spell levels left.
You knew the following spells:

 Your Spells              Type           Power      Damage    Failure   Level
a - Necrotise             Necr           88%        1d8       1%          1
b - Vampiric Draining     Necr           22%        2d7       5%          3

Your spell library contained the following spells:

 Spells                   Type           Power      Damage    Failure   Level
 Animate Dead             Necr           22%        N/A       19%         4
 Curse of Agony           Necr           22%        N/A       45%         5


Dungeon Overview and Level Annotations

Branches:
Dungeon (3/15)

Altars:

Annotations:
D:3 Terence


Innate Abilities, Weirdness & Mutations

You have a pair of small antennae on your head.
You regenerate magic rapidly.
You have an unusually large brain. (Int +2)


Message History

Terence zaps a wand.
The puff of flame hits your bat skeleton!
Your bat skeleton is destroyed!
Casting: Necrotise (safe; 1% risk of failure)
Confirm with . or Enter, or press ? or * to list all spells.
Aiming: Necrotise (safe; 1% risk of failure)
Press: ? - help, Shift-Dir - straight line, f - Terence
Aim: Terence, wielding a +0 trident, wearing a +0 chain mail and carrying a wand of flame (ally target, chance to affect: 86%) Terence writhes in agony.
Terence misses you.
Casting: Necrotise (safe; 1% risk of failure)
Confirm with . or Enter, or press ? or * to list all spells.
Aiming: Necrotise (safe; 1% risk of failure)
Press: ? - help, Shift-Dir - straight line, f/p - Terence
Aim: Terence, wielding a +0 trident, wearing a +0 chain mail and carrying a wand of flame (moderately wounded, ally target, chance to affect: 86%) Terence barely resists.
Terence barely misses you.
Casting: Necrotise (safe; 1% risk of failure)
Confirm with . or Enter, or press ? or * to list all spells.
You don't have enough magic to cast this spell.
Casting: Necrotise (safe; 1% risk of failure)
Confirm with . or Enter, or press ? or * to list all spells.
You don't have enough magic to cast this spell.
Casting: Necrotise (safe; 1% risk of failure)
Confirm with . or Enter, or press ? or * to list all spells.
You don't have enough magic to cast this spell.
Casting: Necrotise (safe; 1% risk of failure)
Confirm with . or Enter, or press ? or * to list all spells.
You don't have enough magic to cast this spell.
Casting: Necrotise (safe; 1% risk of failure)
Confirm with . or Enter, or press ? or * to list all spells.
You don't have enough magic to cast this spell.
Your hobgoblin skeleton hits Terence but does no damage.
Terence attacks as he pursues you!
Terence hits you from afar with a +0 trident!
* * * LOW HITPOINT WARNING * * *
Things that are here:
a +0 mace; a fuming purple potion Terence attacks as he pursues you!
Terence hits you from afar with a +0 trident!
You die...
Terence says, "Time to find some more victims."

#...## #...... #########
#... .. ###.)...... #..#
.##.+........ #.Z#
..#.#........ ######..#
#.#.#........ .......@#
#.#.#........
.......)####.#.#........
.......@................
.......#####.#.#####.###
....... #.............
....... #..#.#.#...###
....... #....#...###..
....... #..###...# #.#
....... #........# #.#
....... #..####..# #.#
#.(.##...# #.#


You could see Terence (ally target) and a friendly hobgoblin skeleton.

Vanquished Creatures
  2 adders (D:2)
  3 dart slugs (D:1)
  2 orcs (D:3)
  4 ball pythons
  4 bats
  6 endoplasms
  A giant cockroach (D:3)
  3 goblins
  6 hobgoblins
  3 jackals (D:1)
  5 kobolds
  A quokka (D:1)
  2 frilled lizards
  8 rats
50 creatures vanquished.

Vanquished Creatures (collateral kills)
  A bat (D:2)
  A giant cockroach (D:1)
  A jackal (D:1)
3 creatures vanquished.

Grand Total: 53 creatures vanquished

Notes
Turn   | Place    | Note
-------+----------+-------------------------------------------
     0 | D:1      | PaiMei the Demonspawn Necromancer began the quest for the
                  | Orb.
     0 | D:1      | Reached XP level 1. HP: 13/13 MP: 3/3
   245 | D:1      | Gained mutation: You have a pair of small antennae on your
                  | head. [demonic ancestry]
   245 | D:1      | Reached XP level 2. HP: 19/19 MP: 1/5
   937 | D:1      | Gained mutation: You regenerate magic rapidly. [demonic
                  | ancestry]
   937 | D:1      | Reached XP level 3. HP: 25/25 MP: 4/6
   941 | D:1      | Learned a level 3 spell: Vampiric Draining
  1612 | D:2      | Reached skill level 1 in Fighting
  1785 | D:2      | Gained mutation: You have an unusually large brain. (Int
                  | +2) [demonic ancestry]
  1785 | D:2      | Reached XP level 4. HP: 31/32 MP: 2/7
  2280 | D:3      | Reached skill level 5 in Necromancy
  2319 | D:3      | Noticed Terence
  2332 | D:3      | Slain by Terence

Illustrated notes

Levels and vault maps discovered:
D:1:      dpeg_arrival_arbitrary_a, layout_loops_corners,
          palyth_stone_intersect, glass_columns_b,
          chequers_serial_rivers_micro_c
D:2:      layout_rooms, minmay_pentomino_t2
D:3:      layout_basic, uniq_crazy_yiuf_cottage, uniq_grinder, uniq_terence

Skill      XL: |  1  2  3  4 |
---------------+-------------+-----
Dodging        | 2 |  2.6
Stealth        | 2 |  2.0
Fighting       | 1 |  1.3
Necromancy     | 5 |  5.0
Spellcasting   | |  2.6

Action                     |  1- 3 |  4- 6 || total
---------------------------+-------+-------++-------
  Melee: Club              |     8 |       ||     8
         War axe           |    12 |     1 ||    13
         Short sword       |       |     1 ||     1
   Cast: Necrotise         |    69 |    29 ||    98
 Armour: Robe              |    29 |    17 ||    46
  Dodge: Dodged            |    27 |    16 ||    43
